 Dungeon Crawl Stone Soup version 0.30.1-11-g7821555f0a (webtiles) character file.

Game seed: 8514202154944053335

193 porpoise the Shooter (level 5, -5/46 HPs)
             Began as a Minotaur Hunter on Dec 28, 2023.
             Slain by a gnoll
             ... wielding a +0 halberd
              (11 damage)
             ... on level 4 of the Dungeon.
             The game lasted 00:06:56 (2276 turns).

porpoise the Shooter (Minotaur Hunter)              Turns: 2276, Time: 00:06:57

Health: -5/46      AC:  5    Str: 20    XL:     5   Next: 44%
Magic:  4/4        EV: 11    Int:  5    God:
Gold:   151        SH:  0    Dex: 14    Spells: 4/4 levels left

rFire   . . .        a - +1 shortbow
rCold   . . .        (shield currently unavailable)
rNeg    . . .        g - +0 ring mail
rPois   .            (helmet unavailable)
rElec   .            k - scarf {+Inv}
rCorr   .            (no gloves)
SInv    .            (no boots)
Will    +....        (no amulet) Stlth
                     e - ring of willpower
HPRegen 0.27/turn    (no ring)
MPRegen 0.09/turn

%: no passive effects
@: confused, ambrosia-drunk
A: horns 3, retaliatory headbutt, talons 1, strong 1
a: Evoke Invisibility


You were on level 4 of the Dungeon.
You visited 1 branch of the dungeon, and saw 4 of its levels.

You collected 151 gold pieces.

Inventory:

Hand Weapons
 a - a +1 shortbow (weapon)
 b - a +0 heavy war axe
 i - a +2 sling of freezing
Missiles
 q - 11 poisoned darts
Armour
 g - a +0 ring mail (worn)
 k - a scarf of invisibility (worn)
Jewellery
 e - a ring of willpower (left hand)
 u - an amulet of guardian spirit
 v - a ring of flight
Wands
 n - a wand of light (5)
Scrolls
 c - a scroll of poison {unknown}
 h - a scroll of immolation
 j - 2 scrolls of identify
 m - a scroll of acquirement {unknown}
 o - a scroll of vulnerability
 p - a scroll of fog {unknown}
 r - a scroll of teleportation {unknown}
 s - 2 scrolls of enchant weapon
 t - a scroll of fear {unknown}
Potions
 f - a potion of flight
 l - a potion of haste


   Skills:
 + Level 4.0 Fighting
 * Level 6.2 Ranged Weapons
 + Level 2.5 Armour
 - Level 2.1 Dodging
 - Level 0.7 Stealth


You had 4 spell levels left.
You didn't know any spells.
Your spell library contained the following spells:

 Spells                   Type           Power      Damage    Failure   Level
 Magic Dart               Conj           0%         1d3       65%         1
 Ensorcelled Hibernation  Hex/Ice        0%         N/A       80%         2
 Searing Ray              Conj           0%         2d4       80%         2
 Spider Form              Tmut/Pois      0%         N/A       95%         3
 Anguish                  Hex/Necr       0%         N/A       100%        4
 Fulminant Prism          Conj/Hex       0%         3d5       100%        4


Dungeon Overview and Level Annotations

Branches:
Dungeon (4/15)
 Temple: D:4-7

Altars:
Ashenzari
Trog
Wu Jian


Innate Abilities, Weirdness & Mutations

You have a pair of large horns on your head.
You reflexively headbutt those who attack you in melee.
You have sharp toenails.
Your muscles are strong. (Str +4, Int/Dex -1)


Message History

Press: ? - help, Q - select action, (/) - cycle Shift-Dir - straight line, f - gnoll
Aim: a gnoll, wielding a +0 halberd (moderately wounded, 69% to hit)
You shoot an arrow. The arrow barely misses the gnoll.
The arrow hits the gnoll!
The gnoll is almost dead.
The gnoll barely misses you.
Fire: a) +1 shortbow
Press: ? - help, Q - select action, (/) - cycle Shift-Dir - straight line, f/p - gnoll
Aim: a gnoll, wielding a +0 halberd (moderately wounded, 69% to hit)
You shoot an arrow.
The arrow hits the gnoll but does no damage.
The gnoll is moderately wounded.
The gnoll closely misses you.
Fire: a) +1 shortbow
Press: ? - help, Q - select action, (/) - cycle Shift-Dir - straight line, f/p - gnoll
Aim: a gnoll, wielding a +0 halberd (moderately wounded, 69% to hit)
You shoot an arrow.
The arrow hits the gnoll but does no damage.
The gnoll is moderately wounded.
The gnoll hits you from afar with a +0 halberd!
Fire: a) +1 shortbow
Press: ? - help, Q - select action, (/) - cycle Shift-Dir - straight line, f/p - gnoll
Aim: a gnoll, wielding a +0 halberd (moderately wounded, 69% to hit)
You shoot an arrow. The arrow hits the gnoll!
The gnoll is severely wounded.
The gnoll hits you from afar with a +0 halberd!
* * * LOW HITPOINT WARNING * * *
The gnoll barely misses you.
You are confused.
You feel invigorated. The gnoll closely misses you.
The gnoll barely misses you.
The gnoll hits you from afar with a +0 halberd!
* * * LOW HITPOINT WARNING * * *
The gnoll hits you from afar with a +0 halberd!
* * * LOW HITPOINT WARNING * * *
The gnoll completely misses you.
The gnoll hits you from afar with a +0 halberd!
* * * LOW HITPOINT WARNING * * *
The gnoll hits you from afar with a +0 halberd!
You die...

#.# #.......# #.###
#.......## +.g.# #........#
#.#.####........#
###..........#..#.#
.............#.##.#### #.#
...#.........#.......#.#.#
.............####.##.#.#.#
.##..........gg.@......#.# .
##..###########.##.#.#.#
##.# #.##)#.#.# #.#
#.##.#.#.#######
#.....##...##....#..........
........ ##............##
....... #............# .....
#............#
...#####...<........#


You could see 2 gnolls.

Vanquished Creatures
  Natasha (thrice) (D:3)
  Terence (D:2)
  2 gnolls (D:4)
  3 adders
  3 worms
  2 endoplasms
  3 goblins
  7 hobgoblins
  3 jackals (D:1)
  4 quokkas
  6 ball pythons
  2 bats
  3 kobolds
  3 rats
45 creatures vanquished.

Notes
Turn   | Place    | Note
-------+----------+-------------------------------------------
     0 | D:1      | porpoise the Minotaur Hunter began the quest for the Orb.
     0 | D:1      | Reached XP level 1. HP: 18/18 MP: 0/0
   104 | D:1      | Noticed a shining eye
   109 | D:1      | Found a faded altar of an unknown god.
   111 | D:1      | Noticed a great orb of eyes
   111 | D:1      | Noticed a floating eye
   111 | D:1      | Noticed a floating eye
   129 | D:1      | Reached XP level 2. HP: 25/25 MP: 1/1
   574 | D:2      | Noticed Terence
   582 | D:2      | Killed Terence
   583 | D:2      | Reached skill level 5 in Ranged Weapons
   583 | D:2      | Reached skill level 1 in Armour
   583 | D:2      | Reached XP level 3. HP: 9/31 MP: 2/2
  1263 | D:3      | Reached XP level 4. HP: 38/38 MP: 3/3
  1433 | D:3      | Noticed Natasha
  1435 | D:3      | Killed Natasha
  1730 | D:3      | Noticed Natasha
  1739 | D:3      | Killed Natasha
  1743 | D:3      | Noticed Natasha
  1934 | D:3      | Gained mutation: You have sharp toenails. [potion of
                  | mutation]
  1934 | D:3      | Gained mutation: Your muscles are strong. (Str +4, Int/Dex
                  | -1) [potion of mutation]
  1934 | D:3      | Gained mutation: You have a pair of large horns on your
                  | head. [potion of mutation]
  1939 | D:3      | Killed Natasha
  1940 | D:3      | Reached skill level 6 in Ranged Weapons
  1940 | D:3      | Reached XP level 5. HP: 30/46 MP: 4/4
  2032 | D:3      | Found a faded altar of an unknown god.
  2032 | D:3      | Found a bloodstained altar of Trog.
  2039 | D:3      | Found an ornate altar of the Wu Jian Council.
  2041 | D:3      | Found a broken altar of Ashenzari.
  2043 | D:3      | Found a faded altar of an unknown god.
  2276 | D:4      | Slain by a gnoll

Illustrated notes

Levels and vault maps discovered:
D:1:      dpeg_arrival_stone_temple_mockup, layout_rooms,
          hellmonk_ecumenical_altar_watching_god
D:2:      layout_basic, uniq_terence
D:3:      layout_loops_ring, chequers_temple_overflow_minitemple,
          item_on_display_a, uniq_natasha
D:4:      layout_basic, minmay_misc_feat_room

Skill      XL: |  1  2  3  4  5 |
---------------+----------------+-----
Fighting       | 3 4 |  4.0
Ranged Weapons | 5 6 |  6.2
Armour         | 1 2 |  2.5
Dodging        | |  2.1
Stealth        | |  0.7

Action                     |  1- 3 |  4- 6 || total
---------------------------+-------+-------++-------
  Melee: War axe           |     2 |       ||     2
         Headbutt          |     1 |       ||     1
   Fire: Shortbow          |    78 |    71 ||   149
         Sling             |    14 |       ||    14
    Use: Scroll            |     3 |     3 ||     6
         Potion            |       |     3 ||     3
 Armour: Ring mail         |     6 |     8 ||    14
         Leather armour    |     1 |       ||     1
  Dodge: Dodged            |    14 |    21 ||    35
